 Dungeon Crawl Stone Soup version 0.22-a0-388-g09e6169 (webtiles) character file.

34 Kairos the Shield-Bearer (level 3, 20/20 HPs)
             Began as a Vine Stalker Fighter on Apr 29, 2018.
             Quit the game on level 1 of the Dungeon.
             The game lasted 00:01:13 (572 turns).

Kairos the Shield-Bearer (Vine Stalker Fighter)      Turns: 572, Time: 00:01:13

Health: 20/20      AC:  6    Str: 19    XL:     3   Next: 31%
Magic:  4/4        EV:  7    Int:  8    God:
Gold:   96         SH:  9    Dex: 13    Spells: 2/2 levels left

rFire    . . .     SeeInvis .   a - +0 war axe
rCold    . . .     Gourm    .   c - +0 shield
rNeg     . . .     Faith    .   b - +0 scale mail
rPois    .         Spirit   +   (no helmet)
rElec    .         Reflect  .   (no cloak)
rCorr    .         Harm     .   (no gloves)
MR       .....                  (no boots)
Stlth    ..........             (no amulet)
HPRegen  0.06/turn              (no ring)
MPRegen  0.09/turn              (no ring)

@: about to teleport
A: fangs 2, magic shield, antimagic bite, no potion heal 3, rot immunity
a: no special abilities


You were on level 1 of the Dungeon.
You were not hungry.

You visited 1 branch of the dungeon, and saw 1 of its levels.

You collected 96 gold pieces.

Inventory:

Hand Weapons
 a - a +0 war axe (weapon)
Armour
 b - a +0 scale mail (worn)
 c - a +0 shield (worn)
Potions
 d - a potion of might
Comestibles
 f - 3 rations


   Skills:
 + Level 3.0 Fighting
 + Level 2.1 Axes
 + Level 2.6 Armour
 + Level 0.2 Dodging
 + Level 0.1 Stealth
 + Level 3.1 Shields


You had 2 spell levels left.
You didn't know any spells.

Dungeon Overview and Level Annotations

Branches:
Dungeon (1/15)

Altars:


Innate Abilities, Weirdness & Mutations

You have extremely sharp teeth.
When hurt, damage is shared between your health and your magic reserves.
Your bite disrupts and absorbs the magic of your enemies.
Potions cannot restore your health.
You are immune to rotting.


Message History

No target in view!
No target in view!
Done exploring.
No target in view!
Done exploring.
No target in view!
Done exploring.
As you read the scroll labeled NUFRUAHELI, it crumbles to dust.
You hear roaring flames.
It was a scroll of random uselessness.
As you read the scroll labeled YCAUW OX UDO, it crumbles to dust.
You feel blessed for a moment.
It was a scroll of remove curse.
As you read the scroll labeled EWNUSO XENURPH, it crumbles to dust.
You feel strangely unstable.
It was a scroll of teleportation.
As you read the scroll labeled SUOROZ WO FUDI, it crumbles to dust.
You hear a loud clanging noise!
It was a scroll of noise.
Okay, then.
Unknown command.
Are you sure you want to abandon this character and quit the game? (Confirm with "yes".)

#.....#.........# #.#
#####.####.####.####.#
.....................#
#####.####..###.##...############
......# ##.# #.............†..[.
####### #.###.##...###########.
#..##.##.).### #.
##.##.#......#### #. ####
#....@......'..# #. ...######
#..#.#......##.# #. ........#
#..#.#......##.# #. ...####.#
#....#......##.# #. ...# #.#
#.#..#......##.# #. ...# #.#
#.#..#########.# #. ...# #.#
#.##># #.# #. #### #.# #.#### #.#
#. #.# #.# #.# #.


There were no monsters in sight!

Vanquished Creatures
  A dart slug (D:1)
  2 leopard geckos (D:1)
  A ball python (D:1)
  6 goblins (D:1)
  4 hobgoblins (D:1)
  2 jackals (D:1)
  3 bats (D:1)
  5 frilled lizards (D:1)
  2 kobolds (D:1)
  3 rats (D:1)
29 creatures vanquished.

Notes
Turn   | Place    | Note
-------+----------+-------------------------------------------
     0 | D:1      | Kairos the Vine Stalker Fighter began the quest for the Orb.
     0 | D:1      | Reached XP level 1. HP: 11/11 MP: 2/2
   129 | D:1      | Reached XP level 2. HP: 16/16 MP: 3/3
   357 | D:1      | Reached XP level 3. HP: 19/20 MP: 4/4
   572 | D:1      | Quit the game

Vault maps used:
D:1:      kennysheep_arrival_forest

Skill      XL: |  1  2 |
---------------+-------+-----
Shields        | 3 |  3.1
Axes           | 2 |  2.1
Fighting       | 3 |  3.0
Armour         | |  2.6
Dodging        | |  0.2
Stealth        | |  0.1

Action                   || total
-------------------------++-------
Melee: War axe           ||    71
       Bite              ||    13
  Use: Scroll            ||     4
Armor: Scale mail        ||    33
Dodge: Dodged            ||    21
Block: Shield            ||    43

Table legend:
 A = Spawn XP
 B = Non-spawn XP
 C = Spawn XP percentage of total XP
 D = Spawn monster count
 E = Non-spawn monster count
 F = Spawn count percentage of total count
 G = Total turns spent on level
                    A         B        C        D         E        F      G
               +---------+---------+-------+---------+---------+-------+---------
         Total |       0 |      49 |   0.0 |       0 |      29 |   0.0 |   572
               +---------+---------+-------+---------+---------+-------+---------
           D:1 |       0 |      49 |   0.0 |       0 |      29 |   0.0 |   572
               +---------+---------+-------+---------+---------+-------+---------
